Map: Emerald City LE

Players

Massa - Winner!

  • Race: Terran Terran
  • League: Gold
  • Spawn Location: 5:00

qqq - Winner!

  • Race: Zerg Zerg
  • League: Platinum
  • Spawn Location: 5:00

Flomo

  • Race: Protoss Protoss
  • League: Platinum
  • Spawn Location: 11:00

Tobi

  • Race: Zerg Zerg
  • League: Diamond
  • Spawn Location: 11:00

VOD

Have the link to the VOD?

Description

Time

  • Played on: May 23, 2020, 3:16 p.m.
  • Length: 5:36
Show
View Real Time Build Order
Export as new Build Order

Massa Terran - Winner!

Build Orders:  

Get SALT Encoding   

  12  0:11  Supply Depot  
  12  0:13  SCV  
  13  0:25  SCV  
  14  0:35  Barracks  
  14  0:38  SCV  
  15  0:50  SCV  
  16  1:02  SCV  
  17  1:14  SCV  
  18  1:24  Supply Depot  
  18  1:27  SCV  
  19  1:39  Refinery, SCV  
  20  1:42  Barracks  
  20  1:44  Barracks  
  20  1:52  Marine  
  21  1:57  Barracks  
  21  2:10  Orbital Command, Marine  
  22  2:28  Marine  
  23  2:42  Marine x2  
  25  2:46  Marine  
  25  2:47  Marine  
  27  2:56  Supply Depot  
  27  3:00  Marine x2, Supply Depot  
  27  3:04  Marine x2  
  31  3:17  Marine  
  31  3:18  SCV, Marine  
  34  3:21  Marine  
  34  3:22  Marine  
  36  3:35  Marine x2  
  36  3:39  Marine  
  36  3:40  Marine  
  40  3:42  Supply Depot  
  40  3:51  Factory  
  40  3:53  Marine x2  
  42  3:57  Marine  
  42  3:58  Marine  
  44  4:11  Marine x2  
  44  4:15  Marine  
  44  4:16  Marine  
  48  4:29  Marine x2  
  50  4:33  Marine  
  50  4:34  Marine  
  46  4:47  Marine x2  
  46  4:50  Marine  
  46  4:51  Marine  
  50  5:04  Marine  
  50  5:05  Marine  
  52  5:08  Marine  
  52  5:09  Marine  
Show
View Real Time Build Order
Export as new Build Order

qqq Zerg - Winner!

Build Orders: Hatch First, Zergling Baneling 

Get SALT Encoding   

  12  0:02  Drone  
  13  0:09  Drone  
  14  0:35  Hatchery  
  13  0:41  Drone  
  14  0:59  Spawning Pool  
  14  1:02  Extractor  
  14  1:03  Overlord  
  12  1:09  Drone  
  13  1:15  Drone  
  14  1:27  Drone  
  14  1:28  Drone  
  16  1:39  Drone  
  17  1:47  Queen  
  17  1:51  Overlord  
  17  1:53  Drone  
  20  1:58  Zergling x2  
  21  2:02  Zergling x2  
  22  2:11  Zergling x2  
  23  2:17  Zergling x2  
  23  2:20  Queen  
  26  2:28  Zergling x2  
  26  2:29  Zergling x2  
  28  2:35  Drone  
  29  2:40  Zergling x2  
  29  2:41  Metabolic Boost  
  30  2:47  Baneling Nest  
  30  2:50  Zergling x2  
  30  2:54  Drone  
  31  3:04  Overlord  
  32  3:05  Zergling x2  
  32  3:08  Zergling x2  
  32  3:11  Zergling x2  
  34  3:19  Zergling x2  
  35  3:20  Overlord  
  35  3:24  Zergling x2  
  36  3:28  Zergling x2  
  37  3:41  Zergling x4  
  39  3:42  Zergling x4  
  39  3:44  Baneling x2  
  41  3:49  Zergling x2  
  42  3:57  Zergling x6  
  45  4:08  Baneling x5  
  45  4:09  Zergling x2  
  44  4:19  Zergling x6  
  44  4:23  Drone  
  35  4:46  Zergling x4  
  35  4:47  Zergling x6  
  35  4:48  Zergling x4  
  42  4:56  Baneling  
  42  4:57  Baneling  
  42  5:11  Zergling x10  
  42  5:12  Zergling x2  
Show
View Real Time Build Order
Export as new Build Order

Flomo Protoss 

Build Orders: 1 Gate Expand 

Get SALT Encoding   

  12  0:03  Probe  
  13  0:15  Probe  
  13  0:20  Pylon  
  14  0:27  Probe  
  15  0:39  Probe  
  15  0:42  Gateway  
  16  0:50  Assimilator  
  16  0:51  Probe (Chrono Boost)  
  17  1:02  Probe (Chrono Boost)  
  18  1:07  Probe (Chrono Boost)  
  19  1:18  Probe  
  20  1:33  Nexus  
  20  1:41  Cybernetics Core  
  20  1:47  Probe  
  20  1:51  Assimilator  
  21  2:04  Pylon  
  21  2:07  Probe  
  22  2:14  Warp Gate (Chrono Boost)  
  21  2:19  Probe, Stalker (Chrono Boost)  
  24  2:29  Gateway  
  24  2:34  Probe  
  25  2:54  Pylon  
  25  2:55  Stalker (Chrono Boost)  
  27  3:14  Shield Battery  
  27  3:15  Probe x2  
  27  3:18  Sentry  
  33  3:20  Sentry  
  33  3:31  Probe x2  
  35  3:35  Robotics Facility  
  35  3:43  Probe  
  36  3:50  Pylon  
  36  3:56  Stalker x2  
  40  4:19  Stalker  
  40  4:20  Stalker  
  45  4:24  Probe x2  
  45  4:28  Pylon, Immortal (Chrono Boost)  
  41  4:47  Stalker x2  
  26  5:14  Stalker x2  
Show
View Real Time Build Order
Export as new Build Order

Tobi Zerg 

Build Orders: Hatch First 

Get SALT Encoding   

  12  0:01  Drone  
  13  0:12  Overlord  
  13  0:19  Drone  
  14  0:34  Drone x2  
  16  0:54  Hatchery  
  15  0:57  Drone  
  15  1:01  Drone  
  17  1:04  Drone  
  17  1:08  Extractor  
  17  1:23  Spawning Pool  
  17  1:25  Drone  
  17  1:35  Drone x2  
  19  1:44  Drone  
  20  2:00  Overlord  
  20  2:09  Overlord  
  20  2:11  Drone  
  20  2:12  Metabolic Boost  
  20  2:14  Zergling x2  
  22  2:18  Zergling x2  
  23  2:33  Zergling x4  
  25  2:39  Baneling Nest  
  24  2:52  Drone  
  24  2:53  Drone x2  
  24  2:55  Zergling x2  
  24  2:56  Zergling x2  
  29  3:00  Zergling x2  
  30  3:07  Drone  
  30  3:10  Overlord  
  31  3:18  Drone  
  32  3:20  Evolution Chamber  
  31  3:28  Drone  
  31  3:29  Drone  
  31  3:31  Queen  
  31  3:33  Queen  
  37  3:40  Baneling x4  
  36  3:42  Zergling x4  
  38  3:59  Zergling x2  
  38  4:00  Zergling x4  
  41  4:08  Overlord x2  
  41  4:15  Overlord  
  41  4:23  Overlord  
  41  4:26  Drone  
  41  4:31  Queen  
  44  4:44  Zergling x14  
  44  4:45  Zergling x4  
  42  5:06  Baneling x8  
Tags
 
Add a new tag
Caveats
  • Supply blocks, unpowered buildings, or Contaminate may cause inaccurate times.
  • Supply counts are checked every 10 seconds.